 Dungeon Crawl Stone Soup version 0.30-a0-457-g4b7bca3bfa (webtiles) character file.

Game seed: 13655127095530738721

4539 Supernova1 the Cleaver (level 10, 0/90 HPs)
             Began as a Minotaur Berserker on Dec 13, 2022.
             Was a Priest of Trog.
             Killed from afar by a steam dragon (27 damage)
             ... with a ball of steam
             ... on level 9 of the Dungeon.
             The game lasted 00:20:18 (7468 turns).

Supernova1 the Cleaver (Minotaur Berserker)         Turns: 7468, Time: 00:20:18

Health: 0/90       AC: 14    Str: 25    XL:     10   Next: 17%
Magic:  9/9        EV:  9    Int:  4    God:    Trog [***...]
Gold:   633        SH:  7    Dex: 11    Spells: 9/9 levels left

rFire   x . .      SeeInvis +    j - +0 war axe
rCold   + + .      Faith    .    A - +0 kite shield
rNeg    . . .      Spirit   .    H - +0 ice dragon scales
rPois   .          Reflect  .    (helmet restricted)
rElec   .          Harm     .    (no cloak)
rCorr   +          Rampage  .    d - +0 pair of gloves
Will    .....                    (no boots)
Stlth   ..........               (no amulet)
HPRegen 0.35/turn                o - ring of see invisible
MPRegen 0.11/turn                b - ring of resist corrosion

@: on berserk cooldown, slowed, very slow
A: horns 2, retaliatory headbutt
a: Renounce Religion, Berserk, Trog's Hand


You were on level 9 of the Dungeon.
You worshipped Trog.
Trog was most pleased with you.
You visited 1 branch of the dungeon, and saw 9 of its levels.
You also visited: Sewer.

You collected 633 gold pieces.

Inventory:

Hand Weapons
 a - a +0 hand axe
 j - a +0 war axe (weapon)
Missiles
 E - 2 throwing nets (quivered)
Armour
 d - a +0 pair of gloves (worn)
 f - a +0 chain mail
 A - a +0 kite shield (worn)
 B - +2 steam dragon scales
 H - +0 ice dragon scales (worn)
Jewellery
 b - a ring of resist corrosion (right hand)
 o - a ring of see invisible (left hand)
 q - a +6 ring of dexterity
Wands
 i - a wand of roots (4)
 y - a wand of flame (21)
Scrolls
 e - 2 scrolls of amnesia {unknown}
 h - a scroll of immolation {unknown}
 k - 3 scrolls of vulnerability {unknown}
 n - 4 scrolls of teleportation
 r - a scroll of fog {unknown}
 w - 2 scrolls of fear {unknown}
 z - 2 scrolls of magic mapping {unknown}
 C - 2 scrolls of noise {unknown}
 G - a scroll of enchant armour {unknown}
Potions
 c - a potion of brilliance {unknown}
 g - 5 potions of curing
 l - 3 potions of lignification
 m - 4 potions of heal wounds
 p - a potion of attraction {unknown}
 s - a potion of haste {unknown}
 t - 2 potions of mutation
 u - 2 potions of flight
 v - 3 potions of invisibility
 x - a potion of resistance {unknown}
 D - a potion of ambrosia {unknown}
 F - a potion of might {unknown}


   Skills:
 + Level 8.4 Fighting
 + Level 12.6 Axes
 + Level 10.2 Armour
 + Level 3.5 Dodging
 + Level 1.6 Shields


You had 9 spell levels left.
You didn't know any spells.
Your spell library was empty.

Dungeon Overview and Level Annotations

Branches:
Dungeon (9/15)             Temple (0/1) D:4           Sewer (visited)
   Lair: D:8-11         Orc: D:9-12

Altars:
Hepliaklqana

Shops:
D:9 [


Innate Abilities, Weirdness & Mutations

You have a pair of horns on your head.
You reflexively headbutt those who attack you in melee.


Message History

You feel the power of Trog in you as your rage grows.
You destroy the wight!
Trog accepts your kill.
Things that are here:
a +0 long sword; a +0 robe You feel a strong urge to attack something.
You are no longer berserk.
You are exhausted.
You feel yourself slow down.
Things that are here:
a +3 spear of freezing; a +0 robe
Things that are here:
a +0 battleaxe; a +0 robe
Things that are here:
a +3 spear of freezing; a +0 robe
Things that are here:
a +0 long sword; a +0 robe
Found an escape hatch in the floor.
Found a scale mail.
Found a scroll labelled OTUTUG IHAPPIDD.
A steam dragon comes into view.
The steam dragon hisses angrily.
The steam dragon breathes steam at you. The ball of steam hits you!!
The steam scalds you terribly!
The steam dragon moves out of view.
You are engulfed in a cloud of scalding steam.
You hit the steam dragon.
The steam dragon is lightly wounded.
You are engulfed in a cloud of scalding steam.
The steam dragon breathes steam at you. The ball of steam hits you!!!
The steam scalds you terribly!
* * * LOW HITPOINT WARNING * * *
The steam dragon bites you but does no damage.
The steam dragon claws you but does no damage.
You closely miss the steam dragon.
The steam dragon is lightly wounded.
You are engulfed in a cloud of scalding steam.
The steam dragon breathes steam at you. The ball of steam hits you!!
The steam scalds you terribly!
You die...

#..........#####........#
########+### #........#
## ########## #. #.
######.## #.....§§######
#...>.§§§....###########
#.....§@####.....)..))..
#....[.D# #############
#.....§.# #.......#
#..?....# #########


You could see a steam dragon (catching breath).

Vanquished Creatures
  Pikel (D:5)
  Joseph (D:7)
  Psyche (D:8)
  Maggie (D:7)
  Prince Ribbit (D:8)
  A hornet (D:7)
  Eustachio (D:5)
  A wyvern (D:7)
  2 water moccasins (D:7)
  A black bear (D:7)
  An ogre (D:5)
  3 centaurs
  2 phantoms
  3 bullfrogs
  A gnoll sergeant (D:7)
  2 necrophages
  3 scorpions
  3 wights (D:9)
  4 howler monkeys
  2 jellies (D:4)
  A hound (D:4)
  A gnoll bouda (D:8)
  3 orc priests
  Crazy Yiuf (D:4)
  4 iguanas
  8 orc wizards
  Robin (D:4)
  6 adders
  12 gnolls
  6 river rats (Sewer)
  A shadow imp (D:3)
  A white imp (D:7)
  2 ufetubi
  3 worms
  A dart slug (D:3)
  17 orcs
  9 bats
  9 endoplasms
  4 giant cockroaches
  15 goblins
  6 hobgoblins
  16 jackals
  9 quokkas
  14 ball pythons
  5 frilled lizards
  5 kobolds
  5 rats
200 creatures vanquished.

Notes
Turn   | Place    | Note
-------+----------+-------------------------------------------
     0 | D:1      | Supernova1 the Minotaur Berserker began the quest for the
                  | Orb.
     0 | D:1      | Reached XP level 1. HP: 19/19 MP: 0/0
   132 | D:1      | Reached XP level 2. HP: 17/27 MP: 1/1
   168 | D:1      | Reached skill level 4 in Axes
   834 | D:2      | Reached ** piety under Trog
   835 | D:2      | Reached XP level 3. HP: 30/33 MP: 2/2
  1273 | D:3      | Reached skill level 5 in Axes
  1273 | D:3      | Reached XP level 4. HP: 6/40 MP: 3/3
  1610 | D:3      | Reached XP level 5. HP: 47/47 MP: 4/4
  1954 | D:4      | Found a staircase to the Ecumenical Temple.
  1961 | D:4      | Reached skill level 6 in Axes
  2000 | D:4      | Reached XP level 6. HP: 17/53 MP: 5/5
  2067 | D:4      | Reached skill level 5 in Fighting
  2067 | D:4      | Reached skill level 7 in Axes
  2071 | D:4      | Found a glowing drain.
  2083 | D:4      | Noticed Robin
  2097 | D:4      | HP: 1/56 [goblin/+0 dagger[Robin] (3)]
  2100 | D:4      | Killed Robin
  2114 | Sewer    | Entered a sewer
  2216 | Sewer    | Reached *** piety under Trog
  2390 | Sewer    | Reached XP level 7. HP: 56/61 MP: 6/6
  3407 | D:4      | Found a runed translucent door.
  3408 | D:4      | Noticed Crazy Yiuf
  3421 | D:4      | Killed Crazy Yiuf
  3660 | D:5      | Entered Level 5 of the Dungeon
  3666 | D:5      | Noticed Pikel
  3677 | D:5      | Killed Pikel
  3678 | D:5      | Reached skill level 9 in Axes
  3678 | D:5      | Reached XP level 8. HP: 70/70 MP: 7/7
  4135 | D:5      | Reached skill level 10 in Axes
  4326 | D:5      | Noticed Eustachio
  4330 | D:5      | Killed Eustachio
  4367 | D:5      | Found a hazy altar of Hepliaklqana.
  4818 | D:6      | Reached XP level 9. HP: 54/79 MP: 8/8
  5064 | D:7      | Noticed Joseph
  5084 | D:7      | Killed Joseph
  5085 | D:7      | Reached skill level 11 in Axes
  5548 | D:7      | Noticed Maggie
  5561 | D:7      | Killed Maggie
  5682 | D:7      | Reached skill level 12 in Axes
  5744 | D:7      | Paralysed by a hornet for 2 turns
  6531 | D:8      | Noticed Prince Ribbit
  6540 | D:8      | Killed Prince Ribbit
  6541 | D:8      | Reached XP level 10. HP: 49/88 MP: 9/9
  6862 | D:8      | Noticed Psyche
  6869 | D:8      | Killed Psyche
  6870 | D:8      | Reached skill level 10 in Armour
  6870 | D:8      | Reached skill level 1 in Shields
  7302 | D:9      | Found Acyph's Armour Shoppe.
  7468 | D:9      | Killed from afar by a steam dragon

Illustrated notes

Levels and vault maps discovered:
D:1:      elethiomel_arrival_quiet, layout_rooms
D:2:      layout_basic
D:3:      layout_basic
D:4:      layout_loops_ring, temple_fountains, cheibrodos_sewer_entry_drain,
          uniq_robin, uniq_crazy_yiuf_cottage
D:5:      layout_basic, nicolae_overflow_hidden_temple, uniq_pikel,
          uniq_eustachio
D:6:      layout_rooms, chequers_avenue, minmay_misc_feat_pillars,
          chequers_serial_rivers_micro_e
D:7:      layout_loops_ring, uniq_maggie, uniq_joseph
D:8:      layout_basic, uniq_psyche, uniq_prince_ribbit1
D:9:      layout_roguey, serial_shops, kennysheep_little_box

Skill      XL: |  1  2  3  4  5  6  7  8  9 10 |
---------------+-------------------------------+-----
Axes           | 4 5 6 7 9 10 12 | 12.6
Armour         | 3 4 6 7 9 10 | 10.2
Fighting       | 4 5 6 7 8 |  8.4
Dodging        | 3 |  3.5
Shields        | 1 |  1.6

Action                   |  1- 3 |  4- 6 |  7- 9 | 10-12 || total
-------------------------+-------+-------+-------+-------++-------
Melee: Hand axe          |    38 |       |       |       ||    38
       Headbutt          |    13 |    24 |    46 |     3 ||    86
       War axe           |    62 |   145 |   207 |    28 ||   442
       Punch             |     1 |     2 |       |       ||     3
Invok: Trog's Hand       |       |     8 |     7 |     1 ||    16
       Berserk           |       |     2 |     7 |     1 ||    10
  Use: Potion            |       |       |     2 |       ||     2
       Scroll            |       |       |       |     5 ||     5
Armor: Chain mail        |    91 |   109 |    94 |    14 ||   308
       Ice dragon scales |       |       |       |     6 ||     6
Dodge: Dodged            |    56 |    93 |    84 |     8 ||   241
Block: Kite shield       |       |       |    20 |     2 ||    22

Table legend: (Time is in decaauts)
 A = Elapsed time spent in this place.
 B = Non-inter-level travel time spent in this place.
 C = Inter-level travel time spent in this place.
 D = Time resting spent in this place.
 E = Time spent auto-exploring this place.
 F = Levels seen in this place.
 G = Mean time per level.
                   A        B        C        D        E       F      G
               +--------+--------+--------+--------+--------+-----+--------+
         Total |   7826 |   7395 |    431 |    424 |   5294 |  10 |  782.6 |
       Dungeon |   6670 |   6239 |    431 |    424 |   4781 |   9 |  741.1 |
         Sewer |   1156 |   1156 |      0 |      0 |    513 |   1 | 1156.0 |
               +--------+--------+--------+--------+--------+-----+--------+

Top non-repeatable levels by time:
     D:7: 1197 daAuts
   Sewer: 1156 daAuts
     D:5: 848 daAuts
     D:4: 827 daAuts
     D:8: 777 daAuts
     D:3: 746 daAuts
     D:1: 643 daAuts
     D:6: 589 daAuts
     D:2: 578 daAuts
     D:9: 462 daAuts
